Unix NetHack Version 5.0.0-0 post-release - last build May 17 2026 04:57:42 (dc50c8380fa5e20985bfe3072449f57b8d9895ef,branch:main).

Game began 2026-05-20 13:36:17, ended 2026-05-20 13:38:53.

BilldaCat, neutral male human Wizard

            |.-
          ---.--
          .@<..|
          -Gf...
            ...

BilldaCat the Evoker      St:9 Dx:15 Co:13 In:18 Wi:10 Ch:10  Neutral
Dlvl:4  $:301 HP:0(10) Pw:3(6) AC:9  Xp:1 T:525 

Latest messages:
 You climb up the stairs.
 You stop.  Your kitten is in the way!
 You swap places with your kitten.
 You find a hidden door.
 The door opens.
 You see here a tripe ration.
 q - a tripe ration (3 in total).
 You swap places with your kitten.
 You see here a large box.
 Hmmm, the large box turns out to be locked.
 In what direction? <esc>
 Never mind.
 There is a locked large box here; force its lock? [ynq] (q) y
 You start bashing it with your quarterstaff.
 You succeed in forcing the lock.
 In fact, you've totally destroyed the large box.
 You see a phial shatter!
 It suddenly gets dark.
 A gold piece is destroyed!
 $ - 295 gold pieces (301 in total).
 x - a hexagonal amulet.
 y - a wand.
 z - a gem.
 You can see again.
 You see here a whistle.
 A - a whistle.
 What do you want to use or apply? [cl-nyA or ?*] A
 You produce a high whistling sound.
 You descend the stairs.
 What do you want to drink? [f-hrsuv or ?*] h
 This tastes like beeve juice.
 You hear an F sharp squeak in the distance.
 In what direction? 1
 The spell hits the gnome!
 You miss the gnome.
 The kitten misses the gnome.
 The kitten misses the gnome.
 You kill the gnome!
 There is a branch staircase up to the Dungeons of Doom here.
 You see here 8 darts.
 B - 8 darts.
 The kitten misses the gnome lord.
 The gnome lord hits!
 A tower of flame erupts from the floor!
 Your cloak smoulders!
 Your clear potion boils and explodes!
 Call a clear potion: 
 You die...
 Do you want your possessions identified? [ynq] (y) y
 Do you want to see your attributes? [ynq] (y) q

Inventory:
 Coins    ('$')
  $ - 301 gold pieces
 Amulets  ('"')
  x - an uncursed amulet of ESP
 Weapons  (')')
  B - 8 +0 darts
  a - a blessed +1 quarterstaff (weapon in hands)
 Armor    ('[')
  b - an uncursed burnt +0 cloak of magic resistance (being worn)
 Comestibles  ('%')
  q - 3 uncursed tripe rations
 Scrolls  ('?')
  k - an uncursed scroll of confuse monster
  p - an uncursed scroll of destroy armor
  w - a cursed scroll of identify
  i - an uncursed scroll of punishment
  j - an uncursed scroll of remove curse
 Spellbooks  ('+')
  m - an uncursed spellbook of detect unseen
  l - a blessed spellbook of force bolt
 Potions  ('!')
  u - an uncursed potion of booze
  s - an uncursed potion of enlightenment
  f - a blessed potion of healing
  g - an uncursed potion of healing
  v - a blessed potion of sleeping
 Rings    ('=')
  d - a blessed +1 ring of increase damage (on left hand)
  e - an uncursed ring of polymorph
 Wands    ('/')
  c - a wand of fire (0:7)
  y - a blessed wand of secret door detection (0:12)
 Tools    ('(')
  n - a magic marker (0:22)
  A - an uncursed tin whistle
 Gems/Stones  ('*')
  t - an uncursed worthless piece of black glass
  o - an uncursed worthless piece of red glass
  z - an uncursed worthless piece of red glass

BilldaCat the Wizard's attributes:

Background:
 You were an Evoker, a level 1 male human Wizard.
 You were neutral, on a mission for Thoth
 who was opposed by Ptah (lawful) and Anhur (chaotic).
 You were left-handed.
 You were in the Gnomish Mines, on level 4.
 You entered the dungeon 525 turns ago.
 You had 18 experience points, 2 more were needed to attain level 2.

Basics:
 You had 0 out of 10 hit points.
 You had 3 out of 6 energy points (spell power).
 Your armor class was 10.
 Your wallet contained 301 zorkmids.
 Autopickup was on for '$"?!/=' plus thrown, with exceptions.

Final Characteristics:
 Your strength was 9 (limit:18/100).
 Your dexterity was 15 (limit:18).
 Your constitution was 13 (limit:18).
 Your intelligence was 18 (limit:18).
 Your wisdom was 10 (limit:18).
 Your charisma was 10 (limit:18).

Final Status:
 You weren't hungry.
 You were unencumbered.
 You were wielding a quarterstaff.
 You had basic skill with quarterstaff.

Final Attributes:
 You were aligned.
 You were magic-protected.
 You saw invisible.
 You had a small damage bonus (+1).
 You were warded.
 You are dead.

Miscellaneous:
 You didn't encounter any bones levels.
 Total elapsed playing time was 2 minutes and 36 seconds.

Major events:
 Turn
    1: BilldaCat the neutral male human Wizard entered the dungeon
  514: entered the Gnomish Mines
  525: killed by a boiling potion

Spells:
 Name                 Level Category     Fail Retention
 force bolt             1   attack         0%  91%-100%
 detect unseen          3   divination    87%  76%-100%

Skills:
 Fighting Skills
   bare handed combat [Unskilled]
   riding             [Unskilled]
 Weapon Skills
   dagger             [Unskilled]
   knife              [Unskilled]
   axe                [Unskilled]
   short sword        [Unskilled]
   club               [Unskilled]
   mace               [Unskilled]
   quarterstaff       [Basic]
   polearms           [Unskilled]
   spear              [Unskilled]
   trident            [Unskilled]
   sling              [Unskilled]
   dart               [Unskilled]
   shuriken           [Unskilled]
 Spellcasting Skills
   attack spells      [Basic]
   healing spells     [Unskilled]
   divination spells  [Unskilled]
   enchantment spells [Basic]
   clerical spells    [Unskilled]
   escape spells      [Unskilled]
   matter spells      [Unskilled]

Voluntary challenges:
 Character rerolling was not enabled.
 You were an atheist.
 You were illiterate.
 You never genocided any monsters.
 You never polymorphed an object.
 You never changed form.
 You used no wishes.
Achievement:
 You entered the Gnomish Mines.

 The Dungeons of Doom: levels 1 to 4
    Level 1:
    Level 2:
       A fountain, a sink.
    Level 3:
       An altar to Thoth.
       Stairs down to The Gnomish Mines.
    Level 4:
 The Gnomish Mines:
    Level 4: <- You were here.
       Final resting place for
          you, killed by a boiling potion.


Vanquished creatures:
  a giant rat
  a gnome
  a sewer rat
  a lichen
  4 newts
8 creatures vanquished.

No species were genocided or became extinct.

Game over:
                       ----------
                      /          \
                     /    REST    \
                    /      IN      \
                   /     PEACE      \
                  /                  \
                  |    BilldaCat     |
                  |      301 Au      |
                  |   killed by a    |
                  |  boiling potion  |
                  |                  |
                  |                  |
                  |       2026       |
                 *|     *  *  *      | *
        _________)/\\_//(\/(/\)/\//\/|_)_______

Goodbye BilldaCat the Wizard...

You died in The Gnomish Mines on dungeon level 4 with 493 points,
and 301 pieces of gold, after 525 moves.
You were level 1 with a maximum of 10 hit points when you died.

